Map: Winter Madness LE

Players

HeroMarine

  • Race: Terran Terran
  • Spawn Location: 5:00

Zoun - Winner!

  • Race: Protoss Protoss
  • League: Master
  • Spawn Location: 11:00

Event: HomeStory Cup XXVIII

VOD

Have the link to the VOD?

Description

Time

  • Played on: Feb. 1, 2026, 9 a.m.
  • Length: 20:43

All games in this series

Show
View Real Time Build Order
Export as new Build Order

HeroMarine Terran 

Build Orders: 1/1/1 

Get SALT Encoding   

  12  0:00  SCV  
  13  0:12  SCV  
  14  0:16  Supply Depot  
  14  0:24  SCV  
  15  0:38  SCV  
  15  0:39  Barracks  
  16  0:42  Refinery  
  16  0:50  SCV  
  16  0:52  Refinery  
  17  1:02  SCV  
  18  1:14  SCV  
  19  1:27  Orbital Command, Reaper  
  20  1:42  Factory  
  20  1:49  Supply Depot  
  20  1:52  SCV  
  22  2:04  SCV  
  23  2:15  Command Center  
  23  2:17  SCV  
  24  2:27  Starport  
  24  2:28  Widow Mine  
  25  2:31  SCV  
  25  2:33  Barracks Reactor  
  26  2:37  Supply Depot  
  26  2:43  SCV  
  27  2:49  Widow Mine  
  29  2:55  SCV  
  30  3:04  Medivac  
  32  3:07  SCV  
  32  3:09  Marine x2  
  32  3:11  Widow Mine  
  37  3:19  SCV  
  38  3:21  Barracks  
  38  3:31  Orbital Command, SCV  
  39  3:34  Medivac  
  39  3:37  Widow Mine  
  43  3:43  SCV  
  43  3:45  Barracks  
  43  3:48  Marine  
  45  3:49  Marine  
  46  3:57  SCV, Supply Depot  
  46  3:58  SCV  
  46  4:00  Factory Tech Lab  
  48  4:09  Marine x2, SCV  
  51  4:10  SCV  
  52  4:19  Supply Depot  
  52  4:21  SCV  
  52  4:22  SCV  
  52  4:24  Stimpack  
  52  4:25  Marine  
  52  4:26  Marine  
  52  4:27  Marine  
  55  4:32  Barracks Tech Lab  
  55  4:33  Starport Reactor, SCV  
  55  4:34  SCV  
  55  4:37  Refinery  
  57  4:43  Marauder  
  57  4:45  SCV  
  60  4:47  SCV  
  60  4:57  SCV  
  60  4:59  SCV, Marauder  
  58  5:00  Concussive Shells  
  58  5:01  Marine x2  
  58  5:04  Marauder  
  59  5:09  SCV  
  59  5:11  SCV  
  60  5:16  Medivac x2  
  60  5:19  Marine x2  
  60  5:21  Marauder  
  68  5:25  Supply Depot  
  68  5:26  Marauder, Engineering Bay  
  68  5:27  Refinery  
  70  5:33  Supply Depot  
  70  5:39  Marine x2, SCV x2  
  70  5:47  Marauder x2  
  70  5:48  Supply Depot  
  74  5:51  SCV x2  
  74  5:55  Medivac x2  
  74  5:56  Marine x2  
  80  5:59  Factory Reactor  
  80  6:00  Terran Infantry Weapons Level 1  
  80  6:01  Supply Depot  
  80  6:08  Marauder  
  80  6:09  Marauder  
  84  6:14  Combat Shield, Marine x2  
  86  6:24  Command Center  
  84  6:30  Marauder x2  
  84  6:32  Marine x2  
  90  6:33  Medivac  
  90  6:37  Medivac  
  90  6:39  Supply Depot  
  94  6:46  SCV  
  96  6:47  Barracks  
  96  6:48  Barracks  
  96  6:50  Widow Mine  
  96  6:51  Marauder  
  100  6:57  Supply Depot  
  100  6:59  Marauder  
  100  7:00  SCV  
  102  7:04  Marine x2  
  104  7:09  SCV  
  104  7:12  SCV  
  104  7:13  Marauder  
  108  7:17  Widow Mine  
  108  7:19  Widow Mine  
  108  7:20  Marauder  
  108  7:21  SCV  
  104  7:24  SCV  
  104  7:28  Marine  
  104  7:29  Marine  
  101  7:34  Marauder, Ghost Academy  
  101  7:35  Barracks Reactor, Barracks Tech Lab  
  103  7:38  SCV x2, Widow Mine  
  103  7:40  Widow Mine  
  103  7:42  Marauder  
  111  7:48  Medivac x2  
  111  7:50  SCV x2  
  117  7:53  Orbital Command  
  117  7:58  Marauder x2  
  117  8:02  SCV x2  
  117  8:03  Marauder  
  120  8:09  Marine x2  
  120  8:12  Widow Mine x2  
  124  8:14  SCV x2  
  124  8:16  Terran Infantry Armor Level 1  
  126  8:20  Ghost  
  126  8:23  Ghost  
  122  8:27  Ghost  
  122  8:30  Bunker  
  122  8:34  Marine x2  
  119  8:36  Marine x2  
  119  8:39  SCV x3, Refinery x2  
  126  8:46  Medivac x2  
  130  8:49  Marine  
  130  8:52  Marine x2  
  130  8:53  Supply Depot  
  130  8:54  Marine  
  134  8:56  Supply Depot  
  134  9:00  Marauder, Marine x2  
  138  9:07  Marauder  
  138  9:09  Marine  
  140  9:10  Supply Depot  
  140  9:14  Marine, Marauder, Widow Mine  
  140  9:15  Armory  
  146  9:18  Marine  
  146  9:19  Engineering Bay  
  135  9:32  Marauder  
  135  9:33  Medivac x2  
  135  9:34  Marine x2  
  135  9:37  Marine x2  
  136  9:50  Command Center  
  136  9:57  Sensor Tower  
  136  10:03  Medivac x2  
  136  10:06  Ghost x3  
  148  10:07  Terran Infantry Weapons Level 2  
  148  10:08  Marine x4  
  150  10:15  Starport  
  150  10:17  Supply Depot, SCV  
  150  10:18  SCV x2  
  150  10:19  Missile Turret  
  153  10:23  Sensor Tower  
  153  10:25  Terran Infantry Armor Level 2  
  153  10:27  Missile Turret  
  153  10:29  Missile Turret  
  153  10:33  Viking x2  
  157  10:40  Marauder x2  
  157  10:41  Marine x2  
  163  10:43  Marine x2  
  163  10:48  Terran Ship Weapons Level 1  
  165  10:55  Command Center  
  165  10:58  Viking x2  
  165  11:00  Missile Turret  
  165  11:03  Viking x2  
  171  11:13  Marauder x3  
  171  11:17  SCV x2  
  179  11:20  SCV  
  174  11:34  Viking, Marauder  
  174  11:39  SCV x3  
  181  11:40  Viking x2  
  181  11:41  Marauder  
  181  11:42  Marauder  
  181  11:45  Missile Turret  
  181  11:47  Supply Depot, Personal Cloaking  
  188  11:49  Planetary Fortress, Sensor Tower  
  188  11:59  Marauder  
  190  12:02  Command Center  
  190  12:03  Marauder  
  190  12:05  Missile Turret  
  176  12:17  Marauder  
  176  12:20  Marine  
  176  12:21  Marauder  
  178  12:25  Terran Infantry Weapons Level 3, Barracks  
  178  12:26  Barracks  
  178  12:27  Barracks, Marauder  
  178  12:28  Marine x2  
  182  12:36  Liberator x2  
  188  12:52  Ghost x3  
  194  13:03  Terran Infantry Armor Level 3  
  194  13:05  Orbital Command  
  194  13:08  Command Center  
  194  13:18  Marine x2  
  171  13:21  Marauder x3  
  163  13:27  Marine x2  
  160  13:36  Marine x2  
  160  13:40  Terran Ship Weapons Level 2  
  162  13:41  Marine  
  162  13:42  Marine, Barracks Reactor, Fusion Core, Marauder  
  162  13:43  Marauder  
  162  13:47  Marauder, Liberator  
  162  13:48  Liberator  
  155  13:49  Marine  
  155  13:50  Orbital Command, Marine  
  155  13:53  Marine  
  155  13:54  Marine  
  159  13:59  Marine x2  
  152  14:03  Marine x2  
  152  14:07  Marine x2  
  152  14:08  Marine  
  157  14:17  Barracks Tech Lab x2, Marine  
  157  14:23  Command Center  
  158  14:26  Ghost x2, Command Center  
  158  14:28  Ghost  
  164  14:31  Advanced Ballistics  
  164  14:37  Marine x6  
  170  14:41  Marauder  
  170  14:42  Marauder  
  174  14:52  Missile Turret  
  171  14:55  Ghost x2  
  171  14:56  Ghost  
  171  14:57  Marine x3  
  171  14:58  Marine  
  171  14:59  Marine  
  179  15:00  Marine  
  179  15:02  Ghost, Marine  
  183  15:15  Marine x4  
  183  15:21  Marauder  
  187  15:23  Medivac x2  
  187  15:24  Marauder x2  
  187  15:26  Marauder  
  195  15:31  Command Center  
  195  15:38  Marauder  
  195  15:42  Marauder  
  196  15:43  Caduceus Reactor  
  196  15:45  Marauder  
  196  15:46  Marauder  
  193  15:53  Marauder  
  193  15:54  Marine x2  
  193  15:55  Marine x2  
  193  15:58  Orbital Command  
  181  16:10  Orbital Command  
  143  16:12  Marauder  
  143  16:13  Marauder  
  143  16:14  Marine x2  
  143  16:17  Ghost  
  143  16:18  Marine x2, Marauder  
  150  16:20  Liberator x3  
  150  16:25  Marine x3  
  144  16:32  Marine x2  
  141  16:33  Marauder  
  141  16:34  Marauder  
  141  16:36  Marine x2  
  141  16:39  Marauder  
  147  16:43  Marine x2  
  147  16:44  Marauder, Orbital Command  
  151  16:48  Marine  
  151  16:50  Marine  
  153  16:54  Marauder  
  153  16:55  Marine  
  153  16:57  Marine x3  
  153  17:00  Marine  
  157  17:02  Marine x2  
  157  17:04  Marine  
  157  17:06  Marine  
  161  17:13  Marine x2  
  161  17:14  Marine  
  161  17:15  Marine  
  163  17:21  Marine  
  158  17:24  Marine x3, Marauder x2  
  158  17:25  Medivac  
  158  17:26  Marauder  
  169  17:31  Marine x2  
  169  17:32  Marine x2  
  173  17:37  Missile Turret  
  173  17:38  Sensor Tower  
  173  17:39  Marine  
  173  17:42  Marauder  
  173  17:43  Marauder  
  172  17:46  Marauder  
  172  17:49  Marauder x2  
  178  17:52  Marine x3  
  178  17:53  Marine x2  
  176  18:00  Planetary Fortress  
  178  18:08  Medivac x2  
  183  18:15  Medivac  
  183  18:19  Refinery  
  182  18:20  Refinery, Marine  
  182  18:22  Marine x2  
  182  18:26  Marine x2  
  187  18:30  Marine x2, Marauder  
  187  18:32  Medivac  
  185  18:39  Marauder  
  185  18:40  Marine x4  
  183  18:44  Liberator  
  182  18:54  Marine x2, Marauder  
  182  18:55  Marine  
  169  19:01  Marine x2  
  175  19:04  Marine  
  175  19:05  Marine, Marauder  
  175  19:06  Orbital Command  
  175  19:07  Liberator  
  175  19:08  Liberator  
  181  19:16  Marine  
  175  19:17  Marine  
  175  19:18  Marine  
  164  19:24  Marine  
  165  19:38  Marauder x2  
  146  19:42  Marauder  
  143  19:50  Marine  
  143  19:51  Liberator  
  143  19:52  Marine  
  127  20:01  Marauder  
  127  20:04  Marauder  
  127  20:06  Marine x3  
  109  20:20  Marine x3  
  99  20:24  Marine x3  
  99  20:25  Marine x2  
Show
View Real Time Build Order
Export as new Build Order

Zoun Protoss - Winner!

Build Orders: 1 Gate Expand, Phoenix Opening, Blink Stalkers 

Get SALT Encoding   

  12  0:00  Probe  
  13  0:12  Probe  
  14  0:16  Pylon  
  14  0:23  Probe  
  15  0:31  Probe  
  16  0:36  Gateway  
  16  0:39  Probe  
  16  0:45  Assimilator  
  17  0:51  Probe  
  18  1:03  Probe  
  19  1:15  Probe  
  20  1:22  Nexus  
  20  1:31  Cybernetics Core  
  20  1:33  Probe  
  20  1:38  Assimilator  
  21  1:45  Probe  
  22  1:49  Pylon  
  22  1:55  Stalker  
  22  1:58  Probe  
  23  2:07  Warp Gate  
  25  2:10  Probe  
  26  2:16  Shield Battery  
  26  2:22  Probe, Phoenix  
  27  2:24  Sentry  
  29  2:32  Probe  
  29  2:34  Probe  
  29  2:35  Shield Battery  
  31  2:41  Probe  
  31  2:43  Twilight Council  
  31  2:50  Probe x2, Blink  
  33  2:54  Stalker  
  36  3:02  Probe  
  37  3:10  Probe  
  38  3:13  Gateway  
  38  3:15  Probe  
  39  3:22  Probe  
  40  3:30  Probe  
  40  3:32  Gateway  
  41  3:34  Probe  
  41  3:38  Robotics Facility  
  42  3:42  Probe  
  42  3:43  Pylon  
  42  3:47  Probe  
  44  3:54  Pylon, Stalker  
  46  3:59  Assimilator  
  46  4:01  Assimilator, Probe  
  47  4:10  Probe  
  47  4:14  Probe  
  47  4:15  Stalker  
  50  4:23  Probe  
  50  4:26  Probe  
  50  4:27  Observer  
  52  4:33  Stalker x2  
  52  4:35  Probe  
  52  4:38  Probe  
  58  4:39  Stalker  
  60  4:49  Probe  
  59  4:55  Probe  
  59  5:01  Probe  
  58  5:07  Probe  
  58  5:13  Probe  
  58  5:19  Probe  
  59  5:22  Templar Archives  
  59  5:25  Probe  
  60  5:31  Nexus, Probe  
  60  5:33  Pylon  
  61  5:37  Probe  
  61  5:41  Psionic Storm, Observer  
  62  5:48  Pylon  
  62  5:49  Charge  
  62  5:50  Warp Prism  
  62  5:51  Probe x2  
  66  5:58  Gateway  
  66  5:59  Observer  
  66  6:03  Probe  
  67  6:08  Stalker x2  
  71  6:11  Probe  
  71  6:13  High Templar  
  71  6:15  Probe  
  75  6:20  Pylon  
  75  6:23  Probe  
  76  6:32  Probe  
  77  6:35  Probe  
  77  6:39  Pylon  
  78  6:41  High Templar, Gateway  
  78  6:43  Gateway  
  78  6:44  Probe  
  81  6:49  Zealot x2  
  81  6:50  Probe x2  
  81  6:51  Shield Battery  
  87  6:55  Gateway, High Templar  
  87  6:56  Probe  
  90  7:05  Forge  
  90  7:09  Gateway  
  90  7:11  Pylon  
  90  7:13  High Templar  
  89  7:17  Protoss Ground Weapons Level 1  
  89  7:20  Zealot x2  
  83  7:26  Probe  
  80  7:34  High Templar  
  80  7:35  Observer  
  83  7:37  Pylon  
  83  7:39  Probe x3, Pylon  
  86  7:44  Stalker x3  
  86  7:45  Nexus  
  86  7:46  Sentry  
  86  7:49  Pylon  
  94  7:53  Zealot x2  
  94  8:09  High Templar, Zealot x4  
  102  8:13  Archon  
  102  8:14  Probe  
  102  8:15  Probe, Zealot x2  
  102  8:17  Zealot  
  110  8:26  Immortal  
  112  8:27  Probe  
  112  8:28  Probe x2  
  105  8:35  High Templar  
  105  8:36  Zealot x5  
  105  8:39  Shield Battery, Probe  
  105  8:40  Probe  
  119  8:46  High Templar x2  
  121  8:49  Probe  
  121  8:51  Probe  
  121  8:55  Pylon x2  
  123  8:58  Pylon  
  123  8:59  Probe  
  123  9:02  Zealot x5  
  132  9:11  Immortal  
  132  9:14  Robotics Bay  
  136  9:25  Zealot x4, Protoss Ground Weapons Level 2  
  126  9:38  Zealot x4  
  124  9:41  Gateway  
  124  9:42  Gateway  
  122  9:46  High Templar x2  
  122  9:49  Forge  
  126  9:54  Zealot x2  
  126  9:56  Colossus  
  130  10:03  Zealot x2  
  133  10:11  Zealot x2  
  133  10:12  Nexus  
  133  10:14  Probe x4  
  146  10:15  Pylon  
  147  10:21  Robotics Facility  
  147  10:22  Protoss Ground Armor Level 1  
  147  10:25  Assimilator  
  147  10:26  Probe x3  
  150  10:33  Assimilator  
  150  10:36  Probe  
  150  10:38  Probe, Pylon  
  150  10:40  Photon Cannon  
  152  10:44  Extended Thermal Lance  
  152  10:48  Shield Battery  
  152  10:49  Photon Cannon, Pylon  
  152  10:56  Colossus  
  156  10:57  Zealot x6  
  168  11:05  Probe x2  
  168  11:06  Probe x2  
  168  11:09  Stalker x2  
  176  11:12  Stalker  
  176  11:16  Zealot  
  180  11:20  Zealot x3  
  184  11:32  Warp Prism  
  178  11:35  Photon Cannon, Zealot  
  178  11:38  Nexus  
  178  11:40  Pylon  
  178  11:48  Stalker  
  178  11:50  Disruptor, High Templar  
  178  11:52  High Templar  
  188  11:55  High Templar, Protoss Ground Weapons Level 3  
  188  11:57  Zealot x4  
  188  11:59  Protoss Ground Armor Level 2  
  198  12:01  Probe x2  
  198  12:19  Zealot x5  
  200  12:28  Pylon  
  200  12:29  Gateway x2  
  200  12:30  Gateway  
  200  12:31  Gateway  
  198  12:49  Disruptor  
  198  12:51  Stalker  
  198  13:01  Stalker x8  
  200  13:07  Gateway x2  
  200  13:19  Zealot x2  
  190  13:26  Zealot x4  
  190  13:27  Zealot x4  
  164  13:35  Stalker x3  
  164  13:36  Stalker  
  166  13:43  Disruptor  
  166  13:46  Zealot x2  
  166  13:47  Disruptor  
  164  13:53  Zealot x8  
  143  14:09  Sentry, Stalker x6  
  149  14:10  Stalker  
  149  14:12  Disruptor  
  151  14:22  Disruptor  
  151  14:23  Zealot x5  
  151  14:24  Zealot x3  
  174  14:33  Nexus  
  174  14:36  Zealot, Shield Battery  
  174  14:37  Zealot  
  174  14:38  Photon Cannon  
  178  14:39  Nexus, Zealot x6  
  178  14:40  Protoss Ground Armor Level 3  
  178  14:42  Pylon  
  178  14:43  Pylon  
  190  14:48  Observer  
  190  14:49  Protoss Shields Level 1  
  185  15:08  Zealot x7  
  197  15:25  Zealot x6  
  193  15:55  Zealot x14  
  170  16:14  Disruptor x2  
  146  16:19  Stalker  
  146  16:20  Stalker x6, Zealot x9  
  146  16:40  Sentry  
  146  16:41  Stalker x3, Disruptor x2, Zealot x5  
  164  16:53  Zealot x7  
  184  17:07  Zealot x8  
  198  17:15  Disruptor  
  198  17:18  Protoss Shields Level 2  
  178  17:23  Stalker x6  
  178  17:24  Stalker  
  178  17:25  Disruptor  
  152  17:47  Zealot x15  
  160  17:58  Zealot  
  160  17:59  Disruptor  
  160  18:01  Disruptor  
  168  18:08  Zealot x6  
  168  18:11  Zealot x9  
  198  18:14  Nexus  
  198  18:15  Zealot x2  
  198  18:16  Zealot x4  
  198  18:18  Pylon  
  192  18:20  Stalker x4  
  197  18:32  Zealot x2  
  199  18:35  Pylon  
  185  18:41  Zealot x7  
  195  18:54  Pylon  
  178  18:57  Disruptor x2  
  178  18:59  Stalker x9  
  175  19:20  Zealot x3  
  175  19:21  Zealot x4  
  165  19:30  Zealot x8  
  181  19:31  Nexus  
  157  19:41  Disruptor  
  157  19:44  Sentry, Zealot  
  157  19:45  Zealot x6  
  145  20:00  Zealot x5  
  145  20:01  Nexus  
  146  20:09  Pylon  
  146  20:13  Observer  
  142  20:15  Zealot x4  
  142  20:16  Zealot x4  
  142  20:17  Observer  
Tags
 
Add a new tag
Caveats
  • Supply blocks, unpowered buildings, or Contaminate may cause inaccurate times.
  • Supply counts are checked every 10 seconds.